 Dungeon Crawl Stone Soup version 0.13.0 (webtiles) character file.

552 Deemzul the Grappler (level 7, -15/57 HPs)
             Began as a Hill Orc Monk on Oct 12, 2013.
             Demolished by inmateoo's ghost (17 damage)
             ... on Level 4 of the Dungeon.
             The game lasted 00:10:47 (3563 turns).

Deemzul the Grappler (Hill Orc Monk)                Turns: 3563, Time: 00:10:48

HP -15/57        AC 10     Str 15      XL: 7   Next:  0%
MP   6/6         EV  2     Int 10      God:
Gold 117         SH  0     Dex 14      Spells:  0 memorised,  6 levels left

Res.Fire  : . . .   See Invis. : .     - Unarmed
Res.Cold  : . . .   Warding    : .   a - +0 plate armour
Life Prot.: . . .   Conserve   : .   (no shield)
Res.Poison: .       Res.Corr.  : .   (no helmet)
Res.Elec. : .       Clarity    : .   (no cloak)
Sust.Abil.: . .     Spirit.Shd : .   (no gloves)
Res.Mut.  : .       Stasis     : .   (no boots)
Res.Rott. : .       Flight     : .   (no amulet)
Saprovore : + . .                    (no ring)
                                     (no ring)

@: slightly resistant to hostile enchantments, extremely unstealthy
A: saprovore 1
a: no special abilities


You were on level 4 of the Dungeon.
You were hungry.

You visited 1 branch of the dungeon, and saw 5 of its levels.

You collected 117 gold pieces.

Inventory:

Armour
 a - a +0 plate armour (worn)
Magical devices
 n - a wand of polymorph (5) {unknown}
Comestibles
 b - 3 meat rations
 h - 2 bread rations
 j - 3 apples
Scrolls
 e - 2 scrolls of random uselessness {unknown}
 g - 2 scrolls of identify
 i - 4 scrolls of remove curse
Potions
 d - a potion of curing {unknown}


   Skills:
 - Level 3.6 Fighting
 - Level 2.4 Dodging
 - Level 2.0 Stealth
 * Level 8.7 Unarmed Combat


You had 6 spell levels left.
You didn't know any spells.

Dungeon Overview and Level Annotations

Branches:
Dungeon (5/27)
 Temple: D:4-7

Altars:
Kikubaaqudgha
Makhleb
Vehumet
Zin
the Shining One

Shops:
D:5 (

Annotations:
D:4 inmateoo's ghost, experienced TrMo


Innate Abilities, Weirdness & Mutations

You can tolerate rotten meat.


Message History

Inmateoo's ghost hits you.
* * * LOW HITPOINT WARNING * * *
Unknown command.
Evoke which item? (* to show all) (? for menu, Esc to quit)
Zapping:
n - a sharpened bone wand
Press: ? - help, Shift-Dir - straight line, f - inmateoo's ghost
Aim: inmateoo's ghost (moderately damaged) Inmateoo's ghost is unaffected.
The crimson imp blinks!
Evoke which item? (* to show all) (? for menu, Esc to quit)
Zapping:
n - a sharpened bone wand {zapped: 1} {tried}
Press: ? - help, Shift-Dir - straight line, f/p - inmateoo's ghost
Aim: inmateoo's ghost (moderately damaged) Inmateoo's ghost is unaffected.
Inmateoo's ghost hits you!
* * * LOW HITPOINT WARNING * * *
Evoke which item? (* to show all) (? for menu, Esc to quit)
Zapping:
n - a sharpened bone wand {zapped: 2} {tried}
Press: ? - help, Shift-Dir - straight line, f/p - inmateoo's ghost
Aim: inmateoo's ghost (moderately damaged) Inmateoo's ghost is unaffected.
Inmateoo's ghost hits you!
You die...

#+####### ##'#### #..<#
........#####%....# ###..
........'...#<....# ##.
........###.'.....########## #D
........# ###.....'........#####.
##'###### #..5..########......)
#..# ####'## #######) ##.## #p#
#) #..# #@# #) ####.### #.#
#######' #......# #.# #.......
#......# #.# #....... #......#
#.# #....... #......# #.#
#......) #......#########.#
#.......
#.............##.#########......)
#......###########.......+.......


You could see a crimson imp and inmateoo's ghost.

Vanquished Creatures
  2 hounds (D:4)
  5 orc wizards (D:4)
  A worker ant (D:4)
  Jessica (D:2)
  4 gnolls
  4 adders
  2 worms
  2 giant geckos
  17 orcs (D:4)
  3 ball pythons
  10 bats
  3 giant cockroaches
  9 goblins
  11 hobgoblins
  6 kobolds
  A quokka (D:3)
  2 giant newts
  3 jackals (D:2)
  A kobold skeleton (D:4)
  An orc skeleton (D:4)
  6 rats
94 creatures vanquished.

Notes
Turn   | Place    | Note
--------------------------------------------------------------
     0 | D:1      | Deemzul, the Hill Orc Monk, began the quest for the Orb.
     0 | D:1      | Reached XP level 1. HP: 17/17 MP: 0/0
    72 | D:1      | Reached XP level 2. HP: 16/24 MP: 1/1
   408 | D:1      | Reached skill level 5 in Unarmed Combat
   530 | D:1      | Reached XP level 3. HP: 16/30 MP: 2/2
  1062 | D:2      | Found an ancient bone altar of Kikubaaqudgha.
  1071 | D:2      | Found a glowing golden altar of the Shining One.
  1107 | D:2      | Found a radiant altar of Vehumet.
  1120 | D:2      | Noticed Jessica
  1130 | D:2      | Killed Jessica
  1130 | D:2      | Reached XP level 4. HP: 33/37 MP: 3/3
  1492 | D:3      | Reached skill level 6 in Unarmed Combat
  1789 | D:3      | Reached XP level 5. HP: 40/44 MP: 4/4
  2186 | D:4      | Reached skill level 7 in Unarmed Combat
  2218 | D:4      | Found a glowing silver altar of Zin.
  2219 | D:4      | Noticed inmateoo's ghost (experienced TrMo)
  2705 | D:4      | Found a burning altar of Makhleb.
  2707 | D:4      | Noticed an angel
  2707 | D:4      | Noticed an Executioner
  2795 | D:4      | Reached XP level 6. HP: 13/50 MP: 5/5
  2801 | D:4      | Reached skill level 8 in Unarmed Combat
  3092 | D:4      | Noticed a wyvern
  3106 | D:5      | Entered Level 5 of the Dungeon
  3107 | D:5      | Found Merrih's Weapon Shop.
  3331 | D:4      | Reached XP level 7. HP: 33/57 MP: 6/6
  3562 | D:4      | HP: 2/57 [inmateoo's ghost (13)]
  3563 | D:4      | Demolished by inmateoo's ghost

Action                   |  1- 3 |  4- 6 |  7- 9 || total
-------------------------+-------+-------+-------++-------
Melee: Unarmed           |    88 |   244 |    15 ||   347
Evoke: Wand              |       |       |     3 ||     3
  Use: Potion            |     1 |     5 |       ||     6
       Scroll            |       |     2 |     5 ||     7
 Stab: Sleeping          |     1 |       |       ||     1
